Map: Pillars of Gold LE

Players

LiquidTLO (TLO) - Winner!

  • Race: Zerg Zerg
  • League: Master
  • Spawn Location: 1:00

Robbie (Rob)

  • Race: Protoss Protoss
  • League: Grandmaster
  • Spawn Location: 7:00

Event: DreamHack SC2 Masters 2020 Fall

VOD

Have the link to the VOD?

Description

Time

  • Played on: Sept. 2, 2020, 7:22 p.m.
  • Length: 12:41

All games in this series

Show
View Real Time Build Order
Export as new Build Order

LiquidTLO Zerg - Winner!

Build Orders: Hatch First, Muta Ling Bane 

Get SALT Encoding   

  12  0:00  Drone  
  13  0:13  Overlord  
  13  0:17  Drone  
  14  0:31  Drone x2  
  16  0:49  Hatchery  
  15  0:53  Drone  
  17  0:57  Drone  
  17  1:00  Drone  
  18  1:06  Extractor  
  17  1:16  Spawning Pool  
  16  1:19  Drone  
  16  1:23  Drone  
  18  1:28  Drone  
  19  1:41  Unknown  
  19  1:42  Drone  
  20  1:50  Drone  
  21  2:02  Queen  
  21  2:03  Queen, Zergling x2  
  21  2:04  Zergling x2  
  27  2:09  Metabolic Boost  
  27  2:14  Drone  
  28  2:18  Overlord  
  28  2:22  Drone, Extractor  
  28  2:25  Drone, Extractor  
  30  2:40  Hatchery  
  30  2:43  Drone  
  30  2:45  Drone  
  30  2:50  Drone  
  32  2:53  Queen  
  34  2:59  Overlord  
  34  3:06  Drone  
  34  3:08  Overlord  
  34  3:09  Drone  
  36  3:15  Overlord  
  36  3:17  Drone  
  36  3:18  Drone  
  38  3:20  Drone  
  38  3:23  Zergling x2  
  38  3:24  Zergling x2  
  41  3:30  Spore Crawler  
  40  3:35  Queen  
  40  3:38  Drone  
  40  3:39  Drone  
  45  3:48  Drone, Roach Warren  
  45  3:50  Drone  
  45  3:51  Drone  
  47  3:56  Drone x2  
  47  3:58  Drone  
  47  3:59  Drone, Baneling Nest  
  47  4:02  Drone  
  51  4:07  Drone  
  51  4:08  Drone  
  51  4:09  Drone  
  54  4:13  Spore Crawler  
  54  4:14  Spore Crawler  
  54  4:16  Zergling x2  
  53  4:20  Drone  
  53  4:21  Drone  
  55  4:24  Zergling x2  
  55  4:27  Overlord  
  55  4:29  Drone, Evolution Chamber  
  56  4:33  Drone x2  
  58  4:38  Overlord  
  58  4:39  Overlord  
  58  4:41  Overlord  
  58  4:46  Drone x3  
  58  4:47  Drone  
  58  4:49  Drone  
  63  4:54  Drone  
  63  4:56  Zerg Melee Weapons Level 1  
  63  4:57  Lair  
  63  4:59  Drone, Extractor  
  64  5:00  Drone  
  64  5:02  Drone  
  64  5:06  Queen  
  68  5:08  Zergling x2  
  68  5:11  Spore Crawler  
  68  5:13  Queen  
  70  5:14  Drone  
  70  5:16  Drone  
  70  5:17  Zergling x2  
  70  5:18  Drone  
  74  5:22  Zergling x2  
  74  5:23  Zergling x2  
  74  5:24  Zergling x2  
  74  5:26  Zergling x4  
  79  5:34  Zergling x2  
  78  5:36  Zergling x2  
  78  5:38  Drone  
  78  5:39  Zergling x2  
  81  5:44  Zergling x2  
  81  5:45  Spore Crawler  
  81  5:46  Zergling x2, Baneling x10  
  78  5:50  Drone x2  
  78  5:52  Drone  
  81  5:57  Zergling x2  
  81  5:58  Zergling x12  
  81  6:00  Drone  
  81  6:01  Extractor  
  88  6:05  Drone  
  88  6:09  Extractor  
  86  6:18  Zergling x4  
  84  6:19  Zergling x2  
  84  6:20  Zergling x2  
  84  6:21  Zergling x4  
  84  6:22  Drone, Queen  
  84  6:24  Drone  
  89  6:26  Drone x2  
  89  6:27  Drone  
  89  6:28  Queen  
  86  6:38  Hatchery  
  84  6:43  Queen, Extractor x2, Spire  
  84  6:45  Drone  
  84  6:49  Drone x2  
  84  6:51  Drone  
  87  6:55  Zerg Melee Weapons Level 2  
  87  6:57  Drone  
  88  7:04  Zergling x2  
  87  7:09  Queen x2  
  87  7:12  Zergling x2  
  87  7:13  Zergling x2  
  87  7:14  Zergling x2  
  86  7:15  Zergling x2  
  86  7:19  Queen  
  86  7:21  Zergling x2  
  86  7:22  Zergling x2  
  85  7:23  Zergling x2  
  85  7:26  Zergling x2  
  85  7:27  Zergling x2  
  85  7:29  Zergling x2  
  88  7:30  Zergling x2  
  88  7:31  Drone  
  88  7:37  Overlord  
  88  7:40  Centrifical Hooks  
  85  7:45  Queen  
  85  7:46  Overlord  
  84  7:56  Mutalisk  
  84  7:57  Mutalisk x5  
  94  8:03  Drone x5  
  99  8:09  Drone  
  99  8:10  Zerg Flyer Weapons Level 1  
  100  8:13  Corruptor  
  100  8:17  Extractor  
  101  8:20  Corruptor  
  101  8:21  Extractor  
  101  8:23  Corruptor  
  101  8:26  Corruptor  
  104  8:30  Corruptor  
  104  8:33  Drone  
  102  8:37  Drone  
  102  8:40  Drone, Zergling x2  
  102  8:41  Zergling x4  
  107  8:44  Drone x3  
  107  8:48  Zergling x2  
  111  8:49  Drone  
  111  8:51  Overlord  
  112  8:56  Overlord  
  112  9:11  Corruptor x2  
  112  9:13  Corruptor  
  118  9:17  Corruptor  
  118  9:20  Corruptor x3  
  118  9:22  Zergling x4  
  124  9:26  Zergling x2  
  120  9:31  Zergling x2  
  120  9:32  Zergling x2  
  120  9:34  Zergling x2  
  120  9:36  Mutalisk  
  121  9:40  Zergling x2  
  122  9:47  Hatchery  
  122  9:49  Corruptor  
  122  9:52  Corruptor  
  110  10:04  Zergling x6  
  110  10:05  Corruptor x2  
  104  10:08  Zergling x2  
  104  10:11  Zergling x6  
  104  10:16  Zergling x2  
  104  10:17  Zergling x4  
  104  10:19  Mutalisk  
  107  10:21  Overlord  
  107  10:24  Drone  
  107  10:27  Zerg Flyer Armor Level 1  
  108  10:28  Drone  
  108  10:30  Drone  
  108  10:31  Drone  
  108  10:33  Drone  
  112  10:37  Mutalisk  
  112  10:41  Zerg Ground Armor Level 1  
  114  10:43  Drone x2  
  114  10:44  Drone  
  114  10:47  Baneling x5  
  117  10:55  Mutalisk  
  117  10:56  Corruptor  
  121  11:05  Mutalisk x4  
  121  11:08  Mutalisk x2  
  121  11:10  Mutalisk  
  135  11:17  Overlord  
  135  11:25  Mutalisk  
  134  11:26  Mutalisk  
  134  11:29  Mutalisk  
  134  11:32  Overlord  
  135  11:34  Overlord x2  
  135  11:38  Overlord, Spore Crawler x2  
  132  11:43  Corruptor  
  132  11:47  Overlord, Mutalisk  
  132  11:49  Zergling x8  
  132  11:50  Corruptor, Zergling x2  
  132  11:52  Drone  
  132  11:53  Drone, Zergling x2  
  142  11:55  Drone x2  
  142  11:57  Zergling x2  
  142  11:58  Hatchery  
  142  11:59  Zergling x2  
  142  12:00  Zergling x4  
  147  12:04  Spore Crawler  
  147  12:05  Spore Crawler  
  147  12:07  Mutalisk  
  147  12:08  Mutalisk  
  147  12:14  Drone x2  
  149  12:17  Spore Crawler  
  149  12:22  Drone  
Show
View Real Time Build Order
Export as new Build Order

Robbie Protoss 

Build Orders: 1 Gate Expand 

Get SALT Encoding   

  12  0:00  Probe  
  13  0:12  Probe  
  14  0:24  Probe  
  14  0:26  Pylon  
  15  0:44  Probe (Chrono Boost)  
  15  0:47  Gateway  
  16  0:51  Assimilator  
  16  0:53  Probe (Chrono Boost)  
  17  0:58  Probe  
  18  1:11  Probe  
  19  1:23  Probe  
  20  1:27  Nexus  
  20  1:37  Unknown  
  20  1:40  Cybernetics Core  
  20  1:42  Probe  
  21  1:49  Assimilator  
  22  1:54  Probe  
  22  2:06  Probe  
  22  2:08  Pylon  
  23  2:16  Adept  
  23  2:26  Probe (Chrono Boost)  
  23  2:29  Stargate  
  26  2:35  Probe (Chrono Boost)  
  27  2:38  Warp Gate  
  27  2:40  Probe (Chrono Boost)  
  29  2:46  Probe (Chrono Boost)  
  29  2:49  Adept, Probe (Chrono Boost)  
  32  2:53  Probe (Chrono Boost)  
  32  2:54  Probe (Chrono Boost)  
  34  3:01  Gateway  
  34  3:05  Void Ray (Chrono Boost), Probe  
  35  3:06  Probe  
  36  3:18  Probe x2  
  42  3:22  Adept  
  44  3:28  Pylon  
  44  3:30  Probe  
  44  3:33  Probe  
  46  3:37  Pylon  
  46  3:40  Void Ray (Chrono Boost)  
  46  3:46  Probe  
  46  3:48  Probe  
  52  3:58  Probe  
  52  4:00  Probe  
  54  4:03  Pylon  
  54  4:09  Pylon  
  54  4:10  Probe  
  54  4:12  Probe  
  54  4:16  Nexus  
  54  4:17  Void Ray (Chrono Boost)  
  56  4:21  Assimilator  
  56  4:28  Shield Battery  
  60  4:33  Assimilator, Probe  
  60  4:34  Probe  
  62  4:39  Robotics Facility  
  62  4:45  Void Ray (Chrono Boost), Probe  
  62  4:46  Probe  
  68  4:57  Probe  
  68  4:58  Probe  
  70  5:03  Pylon  
  70  5:07  Pylon  
  70  5:10  Probe x2  
  72  5:15  Void Ray (Chrono Boost)  
  76  5:22  Stargate, Probe x2  
  78  5:29  Probe  
  78  5:34  Probe  
  78  5:35  Probe  
  81  5:41  Probe  
  82  5:46  Probe  
  82  5:47  Probe  
  82  5:49  Void Ray (Chrono Boost)  
  84  5:52  Assimilator  
  84  5:53  Probe  
  84  5:55  Pylon  
  89  5:57  Assimilator  
  89  5:58  Robotics Bay  
  89  5:59  Probe  
  89  6:01  Probe  
  91  6:05  Protoss Air Weapons Level 1 (Chrono Boost)  
  91  6:08  Probe  
  92  6:11  Zealot  
  92  6:13  Probe  
  92  6:15  Void Ray  
  85  6:19  Zealot  
  85  6:24  Zealot  
  85  6:42  Nexus  
  85  6:43  Pylon  
  85  6:45  Observer  
  86  6:51  Pylon  
  86  6:55  Void Ray, Pylon  
  86  6:56  Pylon  
  86  7:01  Probe x2  
  86  7:03  Void Ray  
  92  7:14  Probe x2  
  88  7:26  Zealot, Probe  
  88  7:29  Zealot  
  87  7:30  Colossus (Chrono Boost)  
  87  7:33  Void Ray (Chrono Boost)  
  87  7:34  Nexus, Pylon  
  88  7:39  Pylon  
  92  7:45  Void Ray (Chrono Boost)  
  96  7:51  Gateway  
  96  7:52  Gateway  
  96  7:53  Zealot x2  
  100  8:04  Shield Battery  
  100  8:06  Probe  
  100  8:07  Shield Battery, Void Ray (Chrono Boost)  
  100  8:10  Shield Battery  
  101  8:16  Zealot x2  
  101  8:18  Probe  
  110  8:24  Probe  
  108  8:28  Void Ray (Chrono Boost)  
  108  8:30  Probe  
  113  8:42  Probe  
  114  8:49  Zealot, Sentry  
  114  8:50  Zealot  
  114  8:54  Zealot  
  114  9:07  Phoenix (Chrono Boost)  
  111  9:10  Phoenix (Chrono Boost)  
  111  9:13  Stalker x3  
  111  9:14  Stalker  
  113  9:19  Probe x2  
  106  9:41  Zealot x4  
  106  9:44  Probe x2  
  116  9:47  Void Ray (Chrono Boost)  
  108  9:56  Probe  
  85  10:14  Zealot x4  
  71  10:18  Probe x2  
  75  10:29  Probe  
  75  10:30  Phoenix x2 (Chrono Boost), Probe x2  
  78  10:41  Void Ray (Chrono Boost), Probe  
  78  10:42  Void Ray (Chrono Boost), Probe x2  
  89  10:53  Twilight Council, Probe  
  89  10:54  Probe x2  
  92  11:05  Probe  
  92  11:06  Probe  
  92  11:08  Stalker x2  
  92  11:09  Phoenix (Chrono Boost)  
  98  11:16  Probe  
  98  11:17  Probe  
  98  11:18  Void Ray (Chrono Boost), Probe  
  100  11:23  Zealot  
  95  11:27  Zealot  
  95  11:29  Probe  
  85  11:36  Void Ray (Chrono Boost)  
  85  11:37  Zealot x2  
  88  11:48  Probe  
  88  11:53  Probe  
  86  12:00  Probe  
  87  12:05  Probe x2  
  89  12:12  Probe  
  89  12:15  Phoenix  
  86  12:17  Probe  
  79  12:27  Probe  

Tags
 
Add a new tag
Caveats
  • Supply blocks, unpowered buildings, or Contaminate may cause inaccurate times.
  • Supply counts are checked every 10 seconds.